 Dungeon Crawl Stone Soup version 0.27.1-2-g3b301248ec (webtiles) character file.

Game seed: 15128426067145177430

1329 H0rd4k the Insei (level 8, -8/50 HPs)
             Began as an Octopode Transmuter on Sept 23, 2021.
             Mangled by a gnoll sergeant (9 damage)
             ... on level 7 of the Dungeon.
             The game lasted 00:09:29 (7756 turns).

H0rd4k the Insei (Octopode Transmuter)              Turns: 7756, Time: 00:09:29

Health: -8/50      AC:  2    Str: 10    XL:     8   Next: 60%
Magic:  13/14      EV: 20    Int: 17    God:
Gold:   309        SH:  0    Dex: 17    Spells: 11/15 levels left

rFire    . . .     SeeInvis .     - Unarmed
rCold    . . .     Faith    .   (shield currently unavailable)
rNeg     + . .     Spirit   .   (helmet currently unavailable)
rPois    .         Reflect  .   (no amulet)
rElec    .         Harm     .   c - ring of positive energy
rCorr    .         Rampage  .   m - ring of poison resistance
Will     .....                  (no ring)
Stlth    +++.......             (no ring)
HPRegen  0.16/turn              (no ring)
MPRegen  0.14/turn              (no ring)
                                (no ring)
                                (no ring)

@: spider-form (expiring)
A: venomous fangs, almost no armour, (amphibious), 8 rings, tiny, (camouflage
1), (gelatinous body 1), (nimble swimmer 1), (tentacles)
a: End Transformation


You were on level 7 of the Dungeon.
You were a venomous arachnid creature.
You visited 1 branch of the dungeon, and saw 7 of its levels.

You collected 309 gold pieces.

Inventory:

Missiles
 a - 5 curare-tipped darts
 r - 29 poisoned darts (quivered)
Jewellery
 c - a ring of positive energy (left front leg)
 m - a ring of poison resistance (right front leg)
Wands
 q - a wand of acid (3)
Scrolls
 b - 2 scrolls of enchant weapon {unknown}
 e - a scroll of silence {unknown}
 g - a scroll of enchant armour {unknown}
 l - 6 scrolls of identify {unknown}
 n - a scroll of blinking {unknown}
 o - a scroll of acquirement {unknown}
 p - a scroll of noise {unknown}
 s - a scroll of fear {unknown}
 t - a scroll of magic mapping {unknown}
Potions
 d - 2 potions of brilliance {unknown}
 f - a potion of invisibility
 h - 2 potions of flight {unknown}
 i - 3 potions of heal wounds {unknown}
 j - a potion of curing {unknown}
 k - a potion of attraction {unknown}
 u - 2 potions of might {unknown}
 v - a potion of lignification {unknown}


   Skills:
 + Level 2.0 Fighting
 + Level 1.7 Throwing
 + Level 3.5 Dodging
 + Level 4.8 Stealth
 + Level 6.2 Unarmed Combat
 * Level 4.1 Spellcasting
 * Level 4.3 Transmutations
 + Level 3.6 Poison Magic


You had 11 spell levels left.
You knew the following spells:

 Your Spells              Type           Power      Damage    Failure   Level
a - Beastly Appendage     Tmut           36%        N/A       10%         1
b - Spider Form           Tmut/Pois      8%         N/A       22%         3

Your spell library contained the following spells:

 Spells                   Type           Power      Damage    Failure   Level
 Wereblood                Tmut           18%        N/A       13%         2
 Magic Dart               Conj           12%        1d3       34%         1
 Call Imp                 Summ           3%         N/A       45%         2
 Slow                     Hex            3%         N/A       45%         2
 Mephitic Cloud           Conj/Pois/Air  7%         N/A       50%         3
 Confusing Touch          Hex            3%         N/A       65%         3
 Gell's Gravitas          Tloc           1%         N/A       65%         3
 Stone Arrow              Conj/Erth      6%         3d7       65%         3
 Teleport Other           Tloc           3%         N/A       65%         3
 Ice Form                 Ice/Tmut       10%        N/A       75%         4
 Yara's Violent Unravell  Hex/Tmut       5%         3d4       96%         5
 Bolt of Magma            Conj/Fire/Erth 1%         4d4       100%        5
 Dispersal                Tloc           1%         N/A       100%        6
 Shatter                  Erth           1%         3d6*      100%        9


Dungeon Overview and Level Annotations

Branches:
Dungeon (7/15)
 Temple: D:4-7

Altars:
Cheibriados
Fedhas
Nemelex Xobeh
Okawaru
Wu Jian
Zin
The Shining One

Shops:
D:5 =

Annotations:
D:7 exclusion: water moccasin


Innate Abilities, Weirdness & Mutations

You are a venomous arachnid creature.
You have poisonous fangs.
You are tiny and dextrous.
Your spellcasting is less reliable in this form.
Your armour is entirely melded.
You are incapable of wielding weapons or throwing items.
You cannot wear most types of armour.
((You are amphibious.))
You can wear up to eight rings at the same time.
((Your skin changes colour to match your surroundings (Stealth+).))
((Your rubbery body absorbs attacks. (AC +1, EV +1)))
((You are camouflaged near water. (Stealth+)))
((You have tentacles for arms and can constrict up to eight enemies at once.))


Message History

The gnoll is heavily wounded.
The gnoll hits you with a +0 spear.
You hit the gnoll.
The gnoll looks as sick as possible!
The gnoll is almost dead.
You kill the gnoll!
The gnoll misses you. The gnoll sergeant closely misses you.
Things that are here:
a +0 spear; a gnoll corpse; a jackal corpse You bite the gnoll!
The gnoll is poisoned.
The gnoll is heavily wounded.
The gnoll closely misses you. The gnoll sergeant misses you.
Your transformation is almost over.
You hit the gnoll.
The gnoll is severely wounded.
The gnoll misses you.
The gnoll sergeant hits you from afar with a +2 trident of distortion!
Space bends around you.
You hit the gnoll.
The gnoll looks as sick as possible!
The gnoll is almost dead.
You kill the gnoll!
The gnoll sergeant completely misses you.
The gnoll sergeant hits you with a +2 trident of distortion!
* * * LOW HITPOINT WARNING * * *
Space bends around you.
* * * LOW HITPOINT WARNING * * *
The gnoll hits you from afar with a +0 halberd.
* * * LOW HITPOINT WARNING * * *
Items here: ( ) †††.
The gnoll sergeant closely misses you.
Aiming: Corrosive Bolt
Press: ? - help, Shift-Dir - straight line, f - gnoll sergeant
Aim: a gnoll sergeant, wielding a +2 trident of distortion, wearing a +0 ring mail and wearing a +0 buckler (79% to hit)
The bolt of acid hits the gnoll sergeant!
The gnoll sergeant is splashed with acid.
The acid corrodes the gnoll sergeant!
The gnoll sergeant is severely wounded.
The bolt of acid hits the killer bee!
The killer bee is splashed with acid.
You kill the killer bee!
The gnoll sergeant hits you from afar with a +2 trident of distortion!
You die...

#. #. ... #. ... #.
..# #. #. #.#
#.###. #.
#.##...##.
#.########..###.##.
#.s.g........##....
######g.....?#.....
#..###.........
##.....g.......
##....#.......
######.......
#..#..## #...#..##
#.......#


You could see a gnoll sergeant (corroded) and a gnoll.

Vanquished Creatures
  A necrophage (D:6)
  3 ogres (D:4)
  A centaur (D:6)
  2 kobold brigands (D:6)
  A scorpion (D:6)
  A wyvern skeleton (D:6)
  A killer bee (D:7)
  A howler monkey (D:6)
  2 jellies (D:4)
  3 hounds
  An orc priest (D:4)
  Jessica (D:2)
  A bullfrog skeleton (D:6)
  2 iguanas (D:5)
  2 orc wizards
  A killer bee zombie (D:6)
  A mummy (D:3)
  6 gnolls
  10 adders
  2 worms
  2 dart slugs (D:2)
  13 orcs
  7 ball pythons
  12 endoplasms
  6 giant cockroaches
  6 goblins
  8 hobgoblins
  5 jackals
  5 quokkas
  4 bats
  3 frilled lizards
  20 kobolds
  4 rats
138 creatures vanquished.

Vanquished Creatures (others)
  12 plants (D:7)
12 creatures vanquished.

Grand Total: 150 creatures vanquished

Notes
Turn   | Place    | Note
-------+----------+-------------------------------------------
     0 | D:1      | H0rd4k the Octopode Transmuter began the quest for the Orb.
     0 | D:1      | Reached XP level 1. HP: 13/13 MP: 3/3
   273 | D:1      | Reached XP level 2. HP: 18/18 MP: 5/5
   580 | D:1      | Reached skill level 1 in Stealth
   895 | D:1      | Reached XP level 3. HP: 19/23 MP: 6/6
   899 | D:1      | Learned a level 3 spell: Spider Form
  1093 | D:1      | Found a faded altar of an unknown god.
  1908 | D:2      | Reached XP level 4. HP: 28/28 MP: 3/7
  2685 | D:2      | Noticed Jessica
  2725 | D:2      | Killed Jessica
  2726 | D:2      | Reached skill level 4 in Unarmed Combat
  2726 | D:2      | Reached skill level 1 in Poison Magic
  2774 | D:2      | Reached XP level 5. HP: 30/33 MP: 8/8
  3071 | D:3      | Found a snail-covered altar of Cheibriados.
  3315 | D:3      | Found an iron altar of Okawaru.
  4076 | D:4      | Noticed an ogre
  4085 | D:4      | Killed an ogre
  4086 | D:4      | Reached XP level 6. HP: 38/38 MP: 6/10
  4465 | D:4      | Reached XP level 7. HP: 32/43 MP: 8/11
  4939 | D:4      | Reached skill level 5 in Unarmed Combat
  5061 | D:4      | Found a sparkling altar of Nemelex Xobeh.
  5071 | D:4      | Found a glowing golden altar of the Shining One.
  5098 | D:4      | Found a glowing silver altar of Zin.
  5602 | D:5      | Entered Level 5 of the Dungeon
  5604 | D:5      | Found Ankeohap's Jewellery Shop.
  6278 | D:6      | Reached skill level 1 in Throwing
  6520 | D:6      | Reached XP level 8. HP: 49/50 MP: 10/13
  7001 | D:6      | Found an ornate altar of the Wu Jian Council.
  7014 | D:6      | Reached skill level 6 in Unarmed Combat
  7690 | D:7      | Found a blossoming altar of Fedhas.
  7753 | D:7      | HP: 1/50 [gnoll (6)]
  7756 | D:7      | Mangled by a gnoll sergeant

Illustrated notes

Levels and vault maps discovered:
D:1:      lightli_arrival_quake, layout_loops_ring, basic_ecumenical_altar
D:2:      layout_loops_corners, minmay_misc_feat_room, uniq_jessica
D:3:      layout_basic, okawaru_trees_2, slow_altar_1
D:4:      layout_loops_ring, grunt_temple_overflow_open
D:5:      layout_cave_pools, serial_shops, nicolae_stop_n_shop_2
D:6:      layout_layer_cave, nzn_wu_jian_contemplation
D:7:      layout_cave_pools, fedhas_altar_decomposition, temple_doors_ab,
          serial_gnoll_camp, gnoll_camp_mini_hut, grums_kennel,
          gnoll_camp_huts_moat, gnoll_camp_medium_01, gnoll_camp_mini_shop,
          gnoll_camp_mini_loothouse, serial_shops, nicolae_square_shop,
          enter_ossuary_5

Skill      XL: |  1  2  3  4  5  6  7  8 |
---------------+-------------------------+-----
Stealth        | 1 2 3 4 |  4.8
Unarmed Combat | 4 5 6 |  6.2
Poison Magic   | 1 2 3 |  3.6
Spellcasting   | 3 4 |  4.1
Transmutations | 3 4 |  4.3
Throwing       | 1 |  1.7
Dodging        | 3 |  3.5
Fighting       | 2 |  2.0

Action                   |  1- 3 |  4- 6 |  7- 9 || total
-------------------------+-------+-------+-------++-------
Melee: Unarmed           |    76 |   135 |   154 ||   365
       Tentacles         |    14 |     9 |     7 ||    30
       Constrict         |    14 |    23 |    10 ||    47
       Punch             |     1 |     3 |       ||     4
Throw: Dart              |       |     7 |    24 ||    31
 Cast: Spider Form       |     2 |     9 |    19 ||    30
Evoke: Wand              |       |       |     1 ||     1
 Stab: Sleeping          |     9 |     7 |     4 ||    20
       Distracted        |       |     1 |       ||     1
Armor: Skin              |     3 |    10 |     6 ||    19
Dodge: Dodged            |    33 |    89 |   132 ||   254
